[Event "Turkish-ch Youth U15 2024"]
[Site "Belek Antalya"]
[Date "2024.01.27"]
[Round "9"]
[White "Demirtas, Alper"]
[Black "Biyiksiz, Ali Batuhan"]
[Result "1/2-1/2"]
[ECO "A13"]
[WhiteElo "2002"]
[BlackElo "2164"]
[Annotator "NA RC"]
[PlyCount "89"]
[EventDate "2024.01.21"]
[EventType "swiss"]
[EventCountry "TUR"]
[SourceTitle "playchess.com"]
[Source "ChessBase"]
[SourceQuality "1"]
[TimeControl "5400+30"]

1. Nf3 Nf6 2. c4 e6 3. g3 a6 4. Bg2 b5 5. b3 Bb7 6. O-O c5 7. Bb2 Be7 8. d3 d5 9. e3 Nbd7 10. Qe2 O-O 11. Nbd2 dxc4 12. dxc4 Qc7 $11 13. e4 e5 14. Rfd1 Rfe8 15. Ne1 Nb8 16. Nd3 Nc6 17. Rac1 b4 18. f4 Bd6 19. Rf1 Rad8 20. Rcd1 Rd7 21. Nf3 Nd4 22. Bxd4 exd4 23. e5 Bf8 24. Nd2 Bxg2 25. Kxg2 Qb7+ 26. Kg1 Rdd8 27. Qf3 Qxf3 28. Rxf3 Ng4 29. Nf1 f6 30. Re1 fxe5 31. fxe5 Nh6 32. Nd2 Nf7 33. Rf2 Re6 34. Rfe2 Rde8 35. Nf3 g5 36. g4 a5 37. a4 h6 38. Kf2 Kg7 39. h3 Nd8 40. Nd2 Nc6 41. Nf3 Be7 42. Kg2 Bf8 43. Kf2 Rc8 44. Nd2 Rce8 45. Nf3 1/2-1/2

[Event "Turkish-ch Youth U15 2024"]
[Site "Belek Antalya"]
[Date "2024.01.27"]
[Round "9"]
[White "Tezcan, Alper"]
[Black "Karayayla, Doruk"]
[Result "1-0"]
[ECO "C56"]
[WhiteElo "1868"]
[BlackElo "1461"]
[Annotator "NA RC COMBH"]
[PlyCount "61"]
[EventDate "2024.01.21"]
[EventType "swiss"]
[EventCountry "TUR"]
[SourceTitle "playchess.com"]
[Source "ChessBase"]
[SourceQuality "1"]
[TimeControl "5400+30"]

1. e4 e5 2. Nf3 Nc6 3. d4 exd4 4. Bc4 Nf6 5. e5 Ne4 6. Qe2 Nc5 7. O-O Be7 8. Rd1 Ne6 9. Bxe6 fxe6 10. Nxd4 Nxd4 11. Rxd4 O-O 12. Rg4 d5 13. Nd2 c5 14. Nf3 Bd7 15. Bh6 Rf7 16. Bg5 Rf5 17. Bxe7 Qxe7 18. Nh4 Rff8 19. f4 Be8 20. Qd2 Bc6 21. Rf1 Rf7 22. f5 exf5 23. Nxf5 Rxf5 24. Rxf5 Bd7 25. e6 Bxe6 26. Qe3 Qd7 27. Rxg7+ Kxg7 28. Qe5+ Kg8 29. Rg5+ Kf8 30. Qh8+ Ke7 31. Qxa8 1-0

[Event "Turkish-ch Youth U15 2024"]
[Site "Belek Antalya"]
[Date "2024.01.27"]
[Round "9"]
[White "Dirikolu, Deniz"]
[Black "Cicek, Bilal Emre"]
[Result "0-1"]
[ECO "B33"]
[WhiteElo "1786"]
[BlackElo "1649"]
[Annotator "NA RC COMBH"]
[PlyCount "77"]
[EventDate "2024.01.21"]
[EventType "swiss"]
[EventCountry "TUR"]
[SourceTitle "playchess.com"]
[Source "ChessBase"]
[SourceQuality "1"]
[TimeControl "5400+30"]

1. e4 c5 2. Nf3 e6 3. d4 cxd4 4. Nxd4 Nf6 5. Nc3 Nc6 6. Bf4 d6 7. Ndb5 e5 8. Bg5 a6 9. Bxf6 gxf6 10. Na3 b5 11. Nd5 Bg7 12. Bd3 Ne7 13. Nxe7 Qxe7 14. c4 O-O 15. cxb5 f5 16. O-O d5 17. f3 Rb8 18. Qe2 fxe4 19. fxe4 dxe4 20. Bc4 axb5 21. Nxb5 Kh8 22. Rad1 Be6 23. Nd6 Rb6 24. Nxe4 Bxc4 25. Qxc4 Rb4 26. Qc2 h6 27. Kh1 Rd4 28. h3 Qe6 29. b3 f5 30. Ng3 e4 31. Ne2 Rxd1 32. Qxd1 Be5 33. Qd2 Kh7 34. Qe3 Bb8 35. g3 Rd8 36. Nd4 Rxd4 37. Qxd4 Bxg3 38. Qd1 f4 39. Qe2 0-1

[Event "Turkish-ch Youth U15 2024"]
[Site "Belek Antalya"]
[Date "2024.01.27"]
[Round "9"]
[White "Bursali, Ela"]
[Black "Keskinler, Ela"]
[Result "1/2-1/2"]
[ECO "A08"]
[WhiteElo "1556"]
[BlackElo "1315"]
[Annotator "NA RC COMBH"]
[PlyCount "61"]
[EventDate "2024.01.21"]
[EventType "swiss"]
[EventCountry "TUR"]
[SourceTitle "playchess.com"]
[Source "ChessBase"]
[SourceQuality "1"]
[TimeControl "5400+30"]

1. e4 e6 2. d3 d5 3. Nd2 c5 4. Ngf3 Nc6 5. g3 Nf6 6. Bg2 g6 7. O-O Bg7 8. Re1 O-O 9. Qe2 a5 10. Nf1 b6 11. e5 Nd7 12. Bf4 Qc7 13. h4 Ba6 14. c3 h6 15. N1h2 Rae8 16. Ng4 Kh7 17. Qe3 Rh8 18. Nxh6 Bxh6 19. Bxh6 Ncxe5 20. Nxe5 Qxe5 21. Qxe5 Nxe5 22. Rxe5 Kxh6 23. Rae1 Bxd3 24. Bxd5 Rd8 25. Bf3 Bc4 26. b3 Ba6 27. c4 a4 28. R1e2 Rd1+ 29. Kg2 Rhd8 30. Rc2 R1d3 31. Rb2 1/2-1/2

[Event "Turkish-ch Youth U15 2024"]
[Site "Belek Antalya"]
[Date "2024.01.27"]
[Round "9"]
[White "Buyuk, Elvin Esma"]
[Black "Oztay, Rezzan"]
[Result "1-0"]
[ECO "A02"]
[WhiteElo "1546"]
[BlackElo "1388"]
[Annotator "NA RC COMBH"]
[PlyCount "57"]
[EventDate "2024.01.21"]
[EventType "swiss"]
[EventCountry "TUR"]
[SourceTitle "playchess.com"]
[Source "ChessBase"]
[SourceQuality "1"]
[TimeControl "5400+30"]

1. f4 c5 2. b3 Nc6 3. Bb2 e6 4. Nf3 Nf6 5. e3 Be7 6. Bb5 O-O 7. O-O b6 8. Bxc6 dxc6 9. Ne5 Qc7 10. d3 Nd5 11. Rf3 f6 12. Ng4 e5 13. f5 g6 14. c4 Nb4 15. a3 Na6 16. e4 b5 17. cxb5 cxb5 18. Nc3 c4 19. Nd5 Qb7 20. d4 b4 21. bxc4 bxa3 22. Nxe7+ Qxe7 23. Bxa3 Nb4 24. dxe5 Bb7 25. Nxf6+ Kg7 26. Nd7 gxf5 27. Nxf8 Rxf8 28. Bxb4 Qxb4 29. Qd7+ 1-0

[Event "Turkish-ch Youth U15 2024"]
[Site "Belek Antalya"]
[Date "2024.01.27"]
[Round "9"]
[White "Seyhan, Pelin"]
[Black "Cemali, Seda"]
[Result "1-0"]
[ECO "B04"]
[WhiteElo "1532"]
[BlackElo "1236"]
[Annotator "NA RC COMBH"]
[PlyCount "73"]
[EventDate "2024.01.21"]
[EventType "swiss"]
[EventCountry "TUR"]
[SourceTitle "playchess.com"]
[Source "ChessBase"]
[SourceQuality "1"]
[TimeControl "5400+30"]

1. e4 Nf6 2. e5 Nd5 3. d4 d6 4. c4 Nb6 5. exd6 cxd6 6. Nc3 g6 7. h3 Bg7 8. Nf3 O-O 9. Be2 Bf5 10. Be3 Nc6 11. O-O Rc8 12. Rc1 d5 13. c5 Na8 14. Qb3 Nc7 15. Qxb7 Rb8 16. Qxc6 Bd7 17. Qxc7 Qxc7 18. Nxd5 Qd8 19. b3 Bb5 20. Bxb5 Rxb5 21. Nc3 Rb8 22. Bf4 Rc8 23. Rfd1 Qd7 24. b4 Qf5 25. Be3 Rfd8 26. a4 h6 27. b5 g5 28. a5 Qd7 29. b6 f5 30. d5 axb6 31. axb6 Bxc3 32. c6 Rxc6 33. dxc6 Qxd1+ 34. Rxd1 Rxd1+ 35. Kh2 g4 36. c7 gxf3 37. c8=Q+ 1-0

[Event "Turkish-ch Youth U15 2024"]
[Site "Belek Antalya"]
[Date "2024.01.27"]
[Round "9"]
[White "Sezer, Ipek"]
[Black "Iyican, Sude"]
[Result "0-1"]
[ECO "D87"]
[WhiteElo "1299"]
[BlackElo "1133"]
[Annotator "NA RC COMBH"]
[PlyCount "128"]
[EventDate "2024.01.21"]
[EventType "swiss"]
[EventCountry "TUR"]
[SourceTitle "playchess.com"]
[Source "ChessBase"]
[SourceQuality "1"]
[TimeControl "5400+30"]

1. d4 g6 2. c4 Nf6 3. Nc3 d5 4. cxd5 Nxd5 5. e4 Nxc3 6. bxc3 Bg7 7. Bc4 O-O 8. Ne2 c5 9. Be3 cxd4 10. cxd4 Nc6 11. Rc1 Bd7 12. h4 Na5 13. Bd3 b5 14. h5 Rc8 15. Ng3 Rxc1 16. Qxc1 Qc8 17. Ke2 a6 18. Qg1 g5 19. e5 Qc3 20. Qb1 h6 21. Rc1 Qa3 22. Ne4 Nc4 23. Bxc4 bxc4 24. Rc3 Qa5 25. Bxg5 hxg5 26. Nxg5 f5 27. exf6 Bf5 28. Qc1 Bd3+ 29. Kd1 Rxf6 30. Rxd3 Qa4+ 31. Ke1 cxd3 32. Qc8+ Bf8 33. Ne4 Qb4+ 34. Kd1 Rb6 35. Qg4+ Kh8 36. Nd2 Qa4+ 37. Nb3 Qc6 38. d5 Qc2+ 39. Ke1 Qe2+ 40. Qxe2 dxe2 41. Kxe2 Rd6 42. g4 Rxd5 43. Ke3 Bh6+ 44. f4 Re5+ 45. Kf3 Rb5 46. g5 Bxg5 47. fxg5 Rxg5 48. h6 Kh7 49. Nd4 Ra5 50. Nc6 Rxa2 51. Nxe7 Kxh6 52. Nf5+ Kg5 53. Nd4 Ra3+ 54. Ke4 Rc3 55. Nf3+ Kf6 56. Ne5 a5 57. Kd4 Rc8 58. Nc4 a4 59. Nb6 Rg8 60. Kc3 Rg4 61. Nc4 Ke6 62. Na5 Kd6 63. Kb2 Kc5 64. Ka3 Kb6 0-1

[Event "Turkish-ch Youth U15 2024"]
[Site "Belek Antalya"]
[Date "2024.01.27"]
[Round "9"]
[White "Senel, Duru"]
[Black "Gedik, Eylul Ceren"]
[Result "0-1"]
[ECO "A53"]
[WhiteElo "1172"]
[BlackElo "1479"]
[Annotator "NA RC COMBH"]
[PlyCount "56"]
[EventDate "2024.01.21"]
[EventType "swiss"]
[EventCountry "TUR"]
[SourceTitle "playchess.com"]
[Source "ChessBase"]
[SourceQuality "1"]
[TimeControl "5400+30"]

1. d4 Nf6 2. c4 d6 3. Nc3 e5 4. dxe5 dxe5 5. Qxd8+ Kxd8 6. Bg5 Be6 7. e3 Nbd7 8. Nf3 c6 9. Be2 Kc7 10. O-O-O a5 11. Bh4 h6 12. Bg3 Bd6 13. h3 b6 14. Rd2 Ne8 15. Rhd1 f6 16. b3 Bb4 17. Kb2 Nc5 18. Rc2 Bf5 19. Rcc1 Nd6 20. Nb1 a4 21. Nfd2 axb3 22. axb3 Ra7 23. e4 Ndxe4 24. Nxe4 Bxe4 25. Nd2 Rha8 26. Nxe4 Ra2+ 27. Kb1 Ra1+ 28. Kc2 R8a2# 0-1

[Event "Turkish-ch Youth U15 2024"]
[Site "Belek Antalya"]
[Date "2024.01.27"]
[Round "9"]
[White "Alsac, Alper Tolga"]
[Black "Celik, Ege Yigit"]
[Result "0-1"]
[ECO "D85"]
[WhiteElo "1164"]
[BlackElo "1865"]
[Annotator "NA RC COMBH"]
[PlyCount "95"]
[EventDate "2024.01.21"]
[EventType "swiss"]
[EventCountry "TUR"]
[SourceTitle "playchess.com"]
[Source "ChessBase"]
[SourceQuality "1"]
[TimeControl "5400+30"]

1. d4 Nf6 2. c4 g6 3. Nc3 d5 4. cxd5 Nxd5 5. e4 Nxc3 6. bxc3 Bg7 7. Nf3 c5 8. Be3 Nc6 9. Bb5 Qa5 10. Qb3 cxd4 11. Bxd4 O-O 12. Bxc6 bxc6 13. O-O Ba6 14. Rfe1 e5 15. Be3 Rab8 16. Qc2 Rfd8 17. Red1 Bc4 18. Rd2 h6 19. h3 Rxd2 20. Nxd2 Be6 21. c4 f5 22. Nb3 Qa4 23. Rc1 Rb4 24. Nd2 Qxc2 25. Rxc2 Ra4 26. f3 Bf8 27. exf5 gxf5 28. Rb2 a5 29. Rc2 h5 30. Bf2 Bh6 31. Be1 Be3+ 32. Kh2 Bf4+ 33. Kg1 Kf7 34. Nb3 Rxc4 35. Rxc4 Bxc4 36. Nxa5 Bd5 37. Nb3 Ke6 38. Kf2 Bc4 39. g3 Bh6 40. Na5 Bb5 41. Bb4 Kd5 42. Nb7 e4 43. Nd6 e3+ 44. Ke1 Bf8 45. Nxb5 Bxb4+ 46. Ke2 cxb5 47. Kxe3 Ke5 48. g4 0-1